Mecha, chaotic male elven Wizard # -.------------- |.............| ------------ |.............| |..........| ##-.............| |..........| # |.............| |........>. ################ ### |.............| |........ # ------# # -----.--------- d.F.. # |....-### # -@- # |....|# # #f# # ########|....|# # # ##-....|`############## # ##------ ----.-|---- ## ########## |.........| --.--- # |.........| |..?.| ### |.....`...| |....| # --------.-- |<...-######### # ------ Mecha the Evoker Experience level: 2 Strength: 11 Dexterity: 15 Constitution: 16 Intelligence: 15 Wisdom: 10 Charisma: 10 Health: 0(15) Energy: 16(20) Def: 6 Gold: 193 Moves: 1649 Dungeon seed: B-UVv84RWAoJ3Ak9 Game ID: Mecha_1478206117 Your Inventory: Coins $ - 193 gold pieces Weapons a - a blessed +1 quarterstaff (weapon in hands) Armor e - an uncursed +0 cloak of magic resistance (being worn) q - a blessed +0 elven mithril-coat (being worn) Scrolls i - an uncursed scroll of identify j - an uncursed scroll of enchant armor k - 2 uncursed scrolls of teleportation Spellbooks l - a blessed spellbook of force bolt m - an uncursed spellbook of identify u - an uncursed spellbook of knock Potions f - a blessed potion of speed g - 2 uncursed potions of object detection h - an uncursed potion of monster detection Rings c - an uncursed +1 ring of gain constitution (on left hand) d - an uncursed ring of stealth (on right hand) s - an uncursed ring of levitation Wands b - a wand of slow monster (0:4) Tools n - an uncursed wooden flute Gems y - an uncursed obsidian stone Spells and supernatural/magical abilities: Name Level Category Fail Memory a - force bolt 1 attack 50% 92% I - identify 3 divination 100% 92% W - pray for help -- divine ? -- Your skills at the end: Fighting Skills Weapon Skills quarterstaff [Basic] Spellcasting Skills attack spells [Basic] enchantment spells [Basic] Final Attributes: You were piously aligned. You were magic-protected. You saw invisible. You had infravision. You were stealthy. You are dead. Vanquished creatures: an acid blob a gas spore a cave spider 2 geckos 4 jackals a fox a sewer rat 5 grid bugs a lichen 7 newts 24 creatures vanquished. Voluntary challenges: You used a wielded weapon 22 times, starting on turn 17. You read items or engraved 1 time, starting on turn 1291. You never genocided any monsters. You never polymorphed an object. You never changed form. You used no wishes. You never split a pudding. You never wrote Elbereth's name. You never violated your personal moral code. Dungeon overview: The Dungeons of Doom: levels 1 to 4 Level 1 a long staircase Level 2 (holy water) a potion shop, a fountain Level 3 an altar to Thoth a long staircase Level 4 <- You were here History has recorded: On T:1 you entered the Dungeons of Doom to retrieve the Amulet of Yendor! On T:532 you reached level 2 of The Dungeons of Doom. On T:1059 you reached level 3 of The Dungeons of Doom. On T:1178 you advanced to experience level 2. On T:1437 you reached level 4 of The Dungeons of Doom. Score breakdown: Gold: 193 ( 7782 points) Experience: 2 levels ( 5570 points) Exploration: 4 levels ( 8.16%) ( 7500 points) Discoveries: 0 items ( 0.00%) ( 0 points) Valuables value: (no points given unless you survive) Artifact value: 0 ( 0 points) Variety of kills: 10 monsters ( 2.62%) ( 4860 points) Turncount: 1649 turns ( 0 points) Survival: died (score multiplied by 80%) Total score: 20569 Latest messages: Wizard needs food, badly! You begin praying to Anhur. You are surrounded by a shimmering light. You feel that Anhur is well-pleased. Your stomach feels content. The spell hits the gas spore! You kill the gas spore! You are caught in the gas spore's explosion! The door resists! The door opens. With great effort you move the boulder. The door opens. You finish searching. The door opens. The kitten picks up a scroll. You displace your kitten. $ - 13 gold pieces. The kitten drops a scroll. You miss the brown mold. You are suddenly very cold! You hit the brown mold! You are suddenly very cold! You die... Final status: Goodbye Mecha the Wizard, killed by a brown mold... You died in The Dungeons of Doom on dungeon level 4 with 20569 points, and 193 pieces of gold, after 1649 moves. You were level 2 with a maximum of 15 hit points when you died.